 Dungeon Sprint DCSS version 0.31.0-12-g77e489cdc1 (webtiles) character file.

Game seed: 6572156702870613358

26 Minsecho the Covered (level 3, -3/33 HPs)
             Began as a Barachi Fighter on Feb 18, 2024.
             Slain by an ogre
             ... wielding a +0 giant spiked club
              (5 damage)
             ... in the Dungeon (Sprint I: "Red Sonja").
             The game lasted 00:00:12 (30 turns).

Minsecho the Covered (Barachi Fighter)                Turns: 30, Time: 00:00:13

Health: -3/33      AC:  7    Str: 17    XL:     3   Next: 8%
Magic:  3/3        EV:  9    Int:  8    God:
Gold:   0          SH:  5    Dex: 13    Spells: 2/2 levels left

rFire   . . .        a - +0 long sword
rCold   . . .        c - +0 buckler
rNeg    . . .        b - +0 scale mail
rPois   .            (no helmet)
rElec   .            (no cloak)
rCorr   .            (no gloves)
SInv    .            (no boots)
Will    .....        (no amulet) Stlth
                     (no ring)
HPRegen 0.25/turn    (no ring)
MPRegen 0.08/turn

%: no teleportation
@: on berserk cooldown, slowed, very slow
A: amphibious, slowness 1, strong legs 1, +LOS
a: Hop


You were in the Dungeon.
You visited 1 branch

Inventory:

Hand Weapons
 a - a +0 long sword (weapon)
Armour
 b - a +0 scale mail (worn)
 c - a +0 buckler (worn)
Wands
 i - a wand of polymorph (4)
Scrolls
 j - a scroll of blinking
Potions
 d - a potion of might
 e - a potion of curing
 f - a potion of heal wounds
 g - a potion of haste
 h - 2 potions of magic


   Skills:
 + Level 5.0 Fighting
 + Level 3.8 Long Blades
 + Level 5.4 Armour
 + Level 4.5 Shields


You had 2 spell levels left.
You didn't know any spells.
Your spell library was empty.

Dungeon Overview and Level Annotations

Branches:
Dungeon (1/1)

Altars:


Innate Abilities, Weirdness & Mutations

You are amphibious.
You cover ground slowly.
You can hop short distances.
You have an extended range of vision and can be seen from far away.


Message History

Ijyb is severely wounded.
Ijyb zaps a wand.
You resist with significant effort.
You slash Ijyb!
You kill Ijyb!
Your Fighting skill gained 2 levels and is now at level 5!
Your Long Blades skill increases to level 3!
Your Armour skill gained 2 levels and is now at level 5!
Your Shields skill increases to level 4!
You have reached level 2!
You have reached level 3!
Your experience leads to an increase in your attributes!
Increase (S)trength, (I)ntelligence, or (D)exterity?
You feel agile. x2
You are no longer berserk.
You are exhausted.
You feel yourself slow down.
i - a wand of polymorph (4)
There is an open door here.
Things that are here:
a +0 club; a +0 leather armour; the goblin corpse of Ijyb You start resting.
HP restored.
You open the door.
An ogre comes into view. It is wielding a +0 giant spiked club.
The ogre shouts!
You hit the ogre.
The ogre is moderately wounded.
The ogre hits you with a +0 giant spiked club!
You hit the ogre.
The ogre is moderately wounded.
The ogre hits you with a +0 giant spiked club!
The ogre closely misses you.
You slash the ogre!
The ogre is severely wounded.
The ogre hits you with a +0 giant spiked club!
* * * LOW HITPOINT WARNING * * *
You slash the ogre!
The ogre is almost dead.
The ogre hits you with a +0 giant spiked club.
You die...

##########
#<.#.@O..#
#..)..#..+
#..#### +#
#..# #..#
#..# #⌠⌠#
####


You could see an ogre.

Vanquished Creatures
  Ijyb (D)
1 creature vanquished.

Notes
Turn   | Place    | Note
-------+----------+-------------------------------------------
     0 | D        | Minsecho the Barachi Fighter began the quest for the Orb.
     0 | D        | Reached XP level 1. HP: 18/18 MP: 1/1
     1 | D        | Noticed Ijyb
    14 | D        | Killed Ijyb
    15 | D        | Reached skill level 5 in Fighting
    15 | D        | Reached skill level 5 in Armour
    15 | D        | Reached XP level 2. HP: 27/27 MP: 2/2
    15 | D        | Reached XP level 3. HP: 33/33 MP: 3/3
    26 | D        | Noticed an ogre
    29 | D        | HP: 1/33 [ogre/+0 giant spiked club (11)]
    30 | D        | Slain by an ogre

Illustrated notes

Levels and vault maps discovered:
D:        dungeon_sprint_1 [red_sonja_temple_1, red_sonja_temple_small_1]

Skill      XL: |  1 |
---------------+----+-----
Fighting       | 5 |  5.0
Long Blades    | 3 |  3.8
Armour         | 5 |  5.4
Shields        | 4 |  4.5

Action                     || total
---------------------------++-------
  Melee: Long sword        ||    16
    Use: Potion            ||     1
 Armour: Scale mail        ||     8
  Dodge: Dodged            ||     2
  Block: Buckler           ||     1
